 Dungeon Crawl Stone Soup version 0.27-a0-287-gd4424db430 (webtiles) character file.

Game seed: 16270728770292194399

57 HoaS the Twirler (level 4, -1/26 HPs)
             Began as a Gargoyle Gladiator on Feb 8, 2021.
             Killed from afar by Natasha (5 damage)
             ... with a magic dart
             ... on level 2 of the Dungeon.
             The game lasted 00:01:44 (715 turns).

HoaS the Twirler (Gargoyle Gladiator)                Turns: 715, Time: 00:01:44

Health: -1/26      AC:  9    Str: 18    XL:     4   Next: 0%
Magic:  4/4        EV: 11    Int:  9    God:
Gold:   38         SH:  0    Dex: 11    Spells: 3/3 levels left

rFire    . . .     SeeInvis .   a - +0 quarterstaff
rCold    . . .     Faith    .   (shield currently unavailable)
rNeg     + . .     Spirit   .   e - +0 ring mail (curse)
rPois    ∞         Reflect  .   c - +0 helmet
rElec    +         Harm     .   (no cloak)
rCorr    .         Rampage  .   (no gloves)
Will     .....                  (no boots)
Stlth    +.........             (no amulet)
HPRegen  0.08/turn              (no ring)
MPRegen  0.09/turn              (no ring)

@: slowed, very slow
A: negative energy resistance 1, electricity resistance, unbreathing,
petrification resistance, miasma immunity, AC +3
a: no special abilities


You were on level 2 of the Dungeon.
You visited 1 branch of the dungeon, and saw 2 of its levels.

You collected 38 gold pieces.

Inventory:

Hand Weapons
 a - a +0 quarterstaff (weapon)
Missiles
 d - 3 throwing nets (quivered)
 g - 3 boomerangs
 j - 13 arrows
Armour
 c - a +0 helmet (worn)
 e - a cursed +0 ring mail (worn)
 h - a +0 scale mail
Jewellery
 k - an uncursed ring of flight {unknown}
Scrolls
 b - a scroll of identify {unknown}
Potions
 f - a potion of cancellation {unknown}
 i - a potion of ambrosia {unknown}


   Skills:
 - Level 2.1 Fighting
 * Level 4.2 Staves
 + Level 1.7 Bows
 - Level 1.7 Throwing
 - Level 2.4 Dodging


You had 3 spell levels left.
You didn't know any spells.
Your spell library was empty.

Dungeon Overview and Level Annotations

Branches:
Dungeon (2/15)

Altars:
Qazlal

Annotations:
D:2 Natasha


Innate Abilities, Weirdness & Mutations

You are resistant to torment.
Your stone body is resilient. (AC +3)
You are immune to poison.
You resist negative energy. (rN+)
You are resistant to electric shocks. (rElec)
You can survive without breathing.
You are immune to petrification.
You are immune to miasma.


Message History

The iron imp barely misses you.
You closely miss Natasha.
Natasha is severely wounded.
Natasha stares at you and mumbles some strange words.
You feel as though you will be slow longer.
The crimson imp blinks!
The iron imp closely misses you.
Natasha mumbles some strange words.
Your ring mail prevents you from hitting Natasha.
Natasha is severely wounded.
The crimson imp spits at you.
The iron imp hits you but does no damage.
Natasha claws you but does no damage.
The white imp hits you but does no damage.
You barely miss Natasha.
Natasha is severely wounded.
Natasha mumbles some strange words.
You feel disoriented.
Natasha stares at you and mumbles some strange words.
The magic dart hits you.
You die...

.### ######### ..
.[.. ....... #.#
.... .....# ...#
###.#.###... ##...##
...#...#.# E#...#E
#.. #.†.#####...##
#.##.##.#...h.......
#.....))...#@5.._...
####.††....5....5...
#.##...#####...## #.
#<..# E#...#E #
##### ##...## .### #


You could see an earth elemental, a water elemental, a fire elemental, an air
elemental, an iron imp (summoned), Natasha, a crimson imp (summoned) and a white
imp (summoned).

Vanquished Creatures
  Natasha (D:2)
  A dart slug (D:1)
  2 giant cockroaches (D:1)
  5 hobgoblins
  3 jackals (D:1)
  A ball python (D:1)
  4 bats (D:1)
  3 frilled lizards
  4 goblins
  3 kobolds (D:1)
  3 rats (D:1)
30 creatures vanquished.

Notes
Turn   | Place    | Note
-------+----------+-------------------------------------------
     0 | D:1      | HoaS the Gargoyle Gladiator began the quest for the Orb.
     0 | D:1      | Reached XP level 1. HP: 12/12 MP: 1/1
    57 | D:1      | Reached XP level 2. HP: 17/17 MP: 2/2
   132 | D:1      | Reached skill level 1 in Bows
   421 | D:1      | Reached XP level 3. HP: 21/21 MP: 3/3
   689 | D:2      | Noticed Natasha
   702 | D:2      | Killed Natasha
   703 | D:2      | Reached skill level 4 in Staves
   703 | D:2      | Reached XP level 4. HP: 20/26 MP: 4/4
   704 | D:2      | Found a stormy altar of Qazlal.
   704 | D:2      | Noticed Natasha
   707 | D:2      | Noticed a water elemental
   708 | D:2      | Noticed an air elemental
   708 | D:2      | Noticed a fire elemental
   708 | D:2      | Noticed an earth elemental
   715 | D:2      | Killed from afar by Natasha

Illustrated notes

Levels and vault maps discovered:
D:1:      shiori_arrival_elements, layout_loops_ring, minmay_misc_feat_rugged
D:2:      layout_basic, nicolae_qazlal_style_of_elements,
          uniq_crazy_yiuf_cottage, uniq_natasha

Skill      XL: |  1  2  3 |
---------------+----------+-----
Bows           | 1 |  1.7
Staves         | 4 |  4.2
Fighting       | |  2.1
Throwing       | |  1.7
Dodging        | |  2.4

Action                   |  1- 3 |  4- 6 || total
-------------------------+-------+-------++-------
Melee: Quarterstaff      |    87 |     7 ||    94
Armor: Leather armour    |     5 |       ||     5
       Ring mail         |    35 |     7 ||    42
Dodge: Dodged            |    46 |     7 ||    53

Table legend: (Time is in decaauts)
 A = Elapsed time spent in this place.
 B = Non-inter-level travel time spent in this place.
 C = Inter-level travel time spent in this place.
 D = Time resting spent in this place.
 E = Time spent auto-exploring this place.
 F = Levels seen in this place.
 G = Mean time per level.
                   A        B        C        D        E       F      G
               +--------+--------+--------+--------+--------+-----+--------+
         Total |    734 |    715 |     19 |      0 |    517 |   2 |  367.0 |
       Dungeon |    734 |    715 |     19 |      0 |    517 |   2 |  367.0 |
               +--------+--------+--------+--------+--------+-----+--------+

Top non-repeatable levels by time:
     D:1: 676 daAuts
     D:2: 58 daAuts
